Map: Deathaura LE

Players

HuShang

  • Race: Protoss Protoss
  • League: Master
  • Spawn Location: 11:00

A.I. 2 (Very Easy) - Winner!

  • Race: Zerg Zerg
  • Spawn Location: 5:00

VOD

Have the link to the VOD?

Description

Time

  • Played on: Sept. 16, 2020, 7:20 p.m.
  • Length: 6:44
Show
View Real Time Build Order
Export as new Build Order

HuShang Protoss 

Build Orders: 1 Gate Expand, Zealot Archon, Archon Drop 

Get SALT Encoding   

  12  0:00  Probe  
  13  0:12  Probe  
  14  0:18  Pylon  
  14  0:25  Probe (Chrono Boost)  
  15  0:37  Gateway, Probe (Chrono Boost)  
  16  0:45  Probe (Chrono Boost)  
  17  0:50  Assimilator  
  17  0:51  Probe  
  18  1:03  Probe  
  19  1:15  Probe  
  20  1:24  Nexus  
  20  1:33  Cybernetics Core  
  20  1:36  Probe  
  21  1:42  Assimilator  
  21  1:48  Probe  
  21  1:51  Pylon  
  22  2:00  Probe  
  23  2:08  Stalker (Chrono Boost)  
  23  2:11  Warp Gate  
  23  2:12  Probe (Chrono Boost)  
  26  2:22  Probe (Chrono Boost)  
  27  2:27  Robotics Facility  
  27  2:28  Probe (Chrono Boost)  
  28  2:36  Probe (Chrono Boost)  
  30  2:44  Probe (Chrono Boost)  
  30  2:45  Probe (Chrono Boost)  
  30  2:48  Gateway  
  30  2:49  Sentry  
  30  2:50  Probe (Chrono Boost)  
  30  2:51  Probe  
  35  3:02  Probe  
  35  3:03  Probe  
  37  3:11  Immortal (Chrono Boost)  
  37  3:14  Probe  
  37  3:15  Probe  
  37  3:18  Pylon  
  43  3:21  Sentry  
  43  3:26  Probe  
  46  3:32  Pylon  
  46  3:36  Probe  
  46  3:38  Probe  
  46  3:40  Immortal (Chrono Boost)  
  48  3:48  Probe  
  53  3:50  Probe  
  53  3:52  Assimilator  
  53  3:54  Assimilator  
  54  3:56  Pylon  
  54  4:00  Probe  
  55  4:03  Probe  
  55  4:08  Twilight Council, Forge  
  56  4:12  Probe  
  56  4:14  Immortal (Chrono Boost)  
  56  4:15  Probe  
  62  4:33  Gateway x2  
  62  4:35  Gateway  
  62  4:41  Gateway  
  62  4:42  Gateway  
  62  4:47  Gateway  
  62  4:58  Warp Prism (Chrono Boost)  
  62  5:06  Templar Archives  
  64  5:33  Pylon x2, Nexus  
  64  5:35  Zealot x2  
  66  5:37  Pylon  
  68  5:48  High Templar  
  70  5:52  Zealot x4, High Templar  
  70  5:55  Archon  
  80  6:01  Pylon  
  80  6:04  High Templar x2  
  80  6:08  Archon  
  84  6:24  High Templar x2  
  84  6:25  Zealot x4  
  96  6:28  Archon  
  96  6:36  Zealot x2  
  100  6:41  Pylon  
  100  6:42  Pylon  
Show
View Real Time Build Order
Export as new Build Order

A.I. 2 (Very Easy) Zerg - Winner!

Build Orders: Hatch First 

Get SALT Encoding   

  12  0:01  Drone  
  13  0:12  Overlord  
  13  0:16  Drone  
  14  0:40  Hatchery  
  13  0:45  Drone  
  14  1:03  Spawning Pool  
  13  1:04  Extractor  
  13  1:07  Drone  
  13  1:15  Drone  
  14  1:20  Overlord  
  14  1:50  Zergling x2  
  14  1:51  Queen  
  14  1:53  Zergling x2  
  18  2:00  Roach Warren  
  17  2:04  Drone  
  17  2:07  Extractor  
  17  2:11  Drone  
  18  2:16  Zergling x2  
  18  2:19  Drone  
  20  2:26  Drone  
  21  2:34  Drone  
  22  2:41  Drone  
  23  2:48  Drone  
  24  2:55  Drone  
  24  2:57  Lair  
  25  3:23  Drone  
  26  3:30  Drone  
  27  3:37  Overlord, Drone  
  28  3:44  Drone  
  29  3:52  Drone  
  30  3:58  Overseer, Spire  
  30  3:59  Drone  
  30  4:06  Drone  
  30  4:07  Overseer  
  31  4:13  Drone  
  32  4:20  Drone  
  32  4:22  Overlord  
  33  4:27  Drone  
  34  4:35  Drone  
  34  4:37  Extractor  
  34  4:42  Drone  
  35  4:49  Extractor, Drone  
  35  4:56  Drone  
  36  5:03  Drone  
  37  5:10  Drone, Mutalisk  
  40  5:18  Drone  
  41  5:25  Drone  
  42  5:32  Drone  
  42  5:33  Overlord  
  43  5:39  Drone  
  44  5:46  Drone  
  45  5:50  Mutalisk  
  45  5:53  Drone  
  48  6:01  Drone  
Tags
 
Add a new tag
Caveats
  • Supply blocks, unpowered buildings, or Contaminate may cause inaccurate times.
  • Supply counts are checked every 10 seconds.